 Dungeon Crawl Stone Soup version 0.17-a0-1763-g847a857 (webtiles) character file.

3270 Medved the Cleaver (level 9, -3/86 HPs)
             Began as a Minotaur Fighter on Sept 4, 2015.
             Slain by a red ugly thing (7 damage)
             ... on level 7 of the Dungeon.
             The game lasted 00:21:12 (6710 turns).

Medved the Cleaver (Minotaur Fighter)               Turns: 6710, Time: 00:21:12

Health: -3/86      AC: 13    Str: 21 (24) XL:     9   Next: 68%
Magic:  8/8        EV:  8    Int: 10      God:
Gold:   659        SH: 11    Dex: 10      Spells: 0 memorised, 8 levels left

rFire  + + .     SeeInvis .     P - +3 hand axe
rCold  . . .     Clarity  .     b - +0 scale mail
rNeg   . . .     SustAt   .     I - +0 shield
rPois  .         Gourm    .     (helmet restricted)
rElec  .         Spirit   .     M - +0 cloak
rCorr  .         Warding  .     (no gloves)
rMut   .         Stasis   .     C - +2 pair of boots
MR     +....                    (no amulet)
Stlth  ..........               h - ring of protection from magic
                                f - ring of protection from fire

@: brilliant, very slightly contaminated, hasted, invisible, very quick,
somewhat resistant to hostile enchantments, extremely unstealthy
A: retaliatory headbutt, horns 2, fire resistance 1, robust 1, spit poison 1
a: Spit Poison


You were on level 7 of the Dungeon.
You were not hungry.

You visited 2 branches of the dungeon, and saw 9 of its levels.

You collected 659 gold pieces.

Inventory:

Hand weapons
 a - a +0 war axe
 P - a +3 hand axe (weapon)
Armour
 b - a +0 scale mail (worn)
 c - a +0 shield
 t - a +0 scale mail
 C - a +2 pair of boots (worn)
 I - a +0 shield (worn)
 M - a +0 cloak (worn)
Jewellery
 f - a ring of protection from fire (left hand)
 h - a ring of protection from magic (right hand)
 O - an uncursed amulet of the gourmand {unknown}
Magical devices
 u - a wand of disintegration (9)
 F - a wand of lightning (9)
 G - a wand of frost (23)
 K - a wand of paralysis (13)
Scrolls
 g - a scroll of enchant weapon {unknown}
 i - 2 scrolls of immolation
 k - 3 scrolls of identify
 m - 2 scrolls of teleportation {unknown}
 p - a scroll of blinking {unknown}
 q - a scroll of amnesia {unknown}
 v - a scroll of magic mapping {unknown}
 w - 2 scrolls of enchant armour {unknown}
 x - 2 scrolls of recharging {unknown}
 y - a scroll of fear {unknown}
 D - a scroll of fog {unknown}
 E - 2 scrolls of noise {unknown}
Potions
 d - 2 potions of might
 j - 2 potions of magic
 l - a potion of mutation
 o - 3 potions of curing
 r - a potion of invisibility
 A - a potion of berserk rage {unknown}
 J - a potion of brilliance
 N - a potion of poison {unknown}
 Q - a potion of resistance {unknown}
 R - a potion of cancellation {unknown}
Comestibles
 e - 4 bread rations
 n - a slice of pizza
 z - a beef jerky
 B - a royal jelly
 H - a meat ration
 T - 5 fruits
 U - 4 chunks of flesh


   Skills:
 + Level 7.2 Fighting
 * Level 10.0 Axes
 * Level 10.0 Armour
 + Level 7.8 Shields
 + Level 0.1 Spellcasting


You had 8 spell levels left.
You didn't know any spells.

Dungeon Overview and Level Annotations

Branches:
Dungeon (8/15)             Temple (1/1) D:7
   Lair: D:8-11

Altars:
Ashenzari
Elyvilon
Fedhas
Gozag
Kikubaaqudgha
Makhleb
Nemelex Xobeh
Sif Muna
Xom
Yredelemnul
Zin

Shops:
D:6 %   D:8 :


Innate Abilities, Weirdness & Mutations

You reflexively headbutt those who attack you in melee.
You have a pair of horns on your head.
Your flesh is heat resistant.
You are robust (+10% HP).
You can spit weak poison.


Message History

You hit the red ugly thing.
The red ugly thing is moderately wounded.
The red ugly thing gores you.
* * * LOW HITPOINT WARNING * * *
You are engulfed in flames.
You resist.
* * * LOW HITPOINT WARNING * * *
It was a potion of beneficial mutation.
You feel robust.
You feel fantastic!
The red ugly thing gores you but does no damage.
It was a potion of degeneration.
There was something very wrong with that liquid.
You feel weakened. The red ugly thing gores you.
* * * LOW HITPOINT WARNING * * *
You are engulfed in flames.
You resist.
* * * LOW HITPOINT WARNING * * *
It was a potion of haste.
You feel yourself speed up. The red ugly thing gores you!
You die...

#.###....#
#...#...#...#...
#........#
#.⌠.#.⌠...>.#...
######...#
#...#...#...#...
#########.###.######...
#......#...#...#...#...
#....>.#.⌠...⌠...⌠.#.##
#......#...#...#...#.##
#.....u##.###.###.##...
#.....@#...#...#...#...
#......#.⌠.#.⌠[#)⌠.#...
#......#...#...#...#...
#......##########.####.
#.................#.###
#########........##.###
#........##.#..
########.##.#..
#.##.#..


You could see a red ugly thing.

Vanquished Creatures
  An unseen horror (D:7)
  Eustachio (D:5)
  A hippogriff (D:7)
  Menkaure (D:5)
  Edmund (D:5)
  A wyvern (D:7)
  A sky beast (D:5)
  An ice beast (D:4)
  A black bear (D:7)
  2 phantoms
  2 centaurs
  2 ogres
  2 big kobolds
  2 giant frogs
  A jelly (D:7)
  A scorpion (D:7)
  3 wights (D:6)
  2 crimson imps
  A wasp zombie (D:7)
  3 giant frog skeletons
  Crazy Yiuf (D:5)
  Ijyb (D:3)
  2 iguanas
  A giant frog zombie (D:5)
  An orc priest (D:6)
  A hound (D:4)
  3 orc wizards (D:7)
  Natasha (twice) (D:3)
  7 worker ants
  A worker ant zombie (D:7)
  7 gnolls
  2 shadow imps (D:5)
  5 adders
  An ooze (D:1)
  An adder zombie (D:5)
  2 worms
  3 giant geckos
  11 orcs
  9 bats
  5 giant cockroaches
  3 hobgoblins
  12 kobolds
  3 quokkas (D:4)
  A ball python (D:2)
  A giant gecko skeleton (D:4)
  5 giant newts
  9 goblins
  6 jackals
  A jackal skeleton (D:6)
  A quokka skeleton (D:5)
  7 rats
145 creatures vanquished.

Notes
Turn   | Place    | Note
--------------------------------------------------------------
     0 | D:1      | Medved the Minotaur Fighter began the quest for the Orb.
     0 | D:1      | Reached XP level 1. HP: 19/19 MP: 0/0
   152 | D:1      | Reached XP level 2. HP: 27/27 MP: 1/1
   162 | D:1      | Reached skill level 4 in Armour
   575 | D:1      | Reached XP level 3. HP: 33/33 MP: 2/2
   712 | D:2      | Found an opulent altar of Gozag.
   843 | D:2      | Found a basalt altar of Yredelemnul.
  1142 | D:2      | Found a deep blue altar of Sif Muna.
  1460 | D:3      | Noticed Ijyb
  1470 | D:3      | Killed Ijyb
  1470 | D:3      | Reached XP level 4. HP: 33/41 MP: 3/3
  1766 | D:3      | Reached skill level 5 in Armour
  1766 | D:3      | Reached XP level 5. HP: 29/47 MP: 4/4
  1846 | D:3      | Noticed Natasha
  1856 | D:3      | Killed Natasha
  2125 | D:3      | Noticed Natasha
  2138 | D:3      | Killed Natasha
  2485 | D:4      | Noticed an ice beast
  2493 | D:4      | Killed an ice beast
  2493 | D:4      | Reached skill level 5 in Shields
  2493 | D:4      | Reached XP level 6. HP: 36/55 MP: 5/5
  2589 | D:4      | Noticed a phantom
  2606 | D:4      | Killed a phantom
  2606 | D:4      | Reached skill level 5 in Fighting
  2606 | D:4      | Reached skill level 6 in Armour
  2829 | D:4      | Noticed an ogre
  2836 | D:4      | Killed an ogre
  2836 | D:4      | Reached XP level 7. HP: 42/61 MP: 6/6
  2894 | D:4      | Reached skill level 5 in Axes
  2933 | D:4      | Found a shimmering altar of Xom.
  2953 | D:4      | Found a shimmering altar of Xom.
  2953 | D:4      | Found a shimmering altar of Xom.
  2955 | D:4      | Found a shimmering altar of Xom.
  2955 | D:4      | Found a shimmering altar of Xom.
  2957 | D:4      | Found a shimmering altar of Xom.
  3006 | D:4      | You fall through a shaft!
  3006 | D:5      | Entered Level 5 of the Dungeon
  3027 | D:5      | Reached skill level 7 in Armour
  3943 | D:5      | Noticed Edmund
  3952 | D:5      | Killed Edmund
  3952 | D:5      | Reached XP level 8. HP: 49/70 MP: 7/7
  4168 | D:5      | Noticed Eustachio
  4201 | D:5      | Killed Eustachio
  4201 | D:5      | Reached skill level 8 in Armour
  4251 | D:5      | Noticed Menkaure
  4266 | D:5      | Killed Menkaure
  4668 | D:5      | Noticed Crazy Yiuf
  4674 | D:5      | Killed Crazy Yiuf
  5009 | D:6      | Found Ewkorch's Food Shoppe.
  5094 | D:6      | Found a sparkling altar of Nemelex Xobeh.
  5143 | D:6      | Reached XP level 9. HP: 69/78 MP: 8/8
  5341 | D:7      | Reached skill level 9 in Axes
  6197 | D:7      | Killed an unseen horror
  6487 | D:7      | Reached skill level 10 in Axes
  6515 | D:7      | Found a staircase to the Ecumenical Temple.
  6521 | Temple   | Entered the Ecumenical Temple
  6671 | D:7      | Reached skill level 10 in Armour
  6691 | D:8      | Found Weykighic's Book Boutique.
  6691 | D:8      | Noticed a red ugly thing
  6700 | D:7      | Gained mutation: You can spit weak poison. [potion of mutation]
  6700 | D:7      | Gained mutation: Your flesh is heat resistant. [potion of mutation]
  6705 | D:7      | Gained mutation: You are robust (+10% HP). [potion of beneficial mutation]
  6709 | D:7      | HP: 3/86 [red ugly thing (6)]
  6710 | D:7      | Slain by a red ugly thing

Vault maps used:
D:1:      mrwooster_arrival_statue, minmay_misc_feat_columns, minmay_distorted
D:2:      old_standard_altar, grunt_gozag_statues, yredelemnul_altar_generic,
          kennysheep_generic_room_6
D:3:      uniq_natasha, uniq_iyjb
D:4:      wad_river_or_something, xom_redecorated, first_bread
D:5:      black_bear_nest_2, lemuel_coloured_pillars_altar, uniq_eustachio,
          uniq_menkaure, uniq_crazy_yiuf_cottage, uniq_edmund
D:6:      lemuel_crystal_altar, serial_shops, nicolae_shop_crystal,
          hangedman_abyss_or_decor_stabs
D:7:      minmay_temple_entry_nine_rooms
D:8:      lemuel_doored_altar, grunt_temple_overflow_diamond,
          grunt_qazlal_clouds, erik_lair_dragon, serial_shops, shop
Temple:   circular_temple_6

Action                   |  1- 3 |  4- 6 |  7- 9 || total
-------------------------+-------+-------+-------++-------
Melee: War axe           |    98 |    84 |   202 ||   384
       Hand axe          |       |       |   116 ||   116
  Use: Scroll            |       |     1 |     2 ||     3
       Potion            |       |       |     8 ||     8
  Eat: Chunk             |     2 |     4 |    13 ||    19
